 Dungeon Crawl Stone Soup version 0.29-a0-870-g2c972031a6 (webtiles) character file.

Game seed: 300638121766203159

664 Bane the Trooper (level 7, -19/57 HPs)
             Began as a Formicid Monk on July 17, 2022.
             Demolished by an ogre
             ... wielding a +0 giant club
              (22 damage)
             ... on level 5 of the Dungeon.
             The game lasted 00:13:05 (4903 turns).

Bane the Trooper (Formicid Monk)                    Turns: 4903, Time: 00:13:06

Health: -19/57     AC:  9    Str: 12    XL:     7   Next: 87%
Magic:  7/7        EV: 12    Int: 10    God:
Gold:   256        SH:  0    Dex: 13    Spells: 6/6 levels left

rFire   . . .      SeeInvis +   a - +1 falchion
rCold   . . .      Faith    .   (no shield)
rNeg    . . .      Spirit   .   g - +2 leather armour of Amelioration {Fly Str-3 Dex-5 Slay+4}
rPois   .          Reflect  .   (helmet unavailable)
rElec   .          Harm     .   f - +0 cloak
rCorr   .          Rampage  .   h - +1 pair of gloves
Will    .....                   (no boots)
Stlth   ++........              (no amulet)
HPRegen 0.19/turn               (no ring)
MPRegen 0.10/turn               (no ring)

@: flying
A: permanent stasis, dig shafts and tunnels, antennae 3, four strong arms
a: Dig, Shaft Self


You were on level 5 of the Dungeon.
You visited 1 branch of the dungeon, and saw 5 of its levels.
You also visited: Sewer.

You collected 256 gold pieces.

Inventory:

Hand Weapons
 a - a +1 falchion (weapon)
Armour
 b - a +0 robe
 f - a +0 cloak (worn)
 g - the +2 leather armour of Amelioration (worn) {Fly Str-3 Dex-5 Slay+4}
   (You found it in a sewer)

   Str:       It affects your strength (-3).
   Dex:       It affects your dexterity (-5).
   Slay:      It affects your accuracy & damage with ranged weapons and melee
   (+4).
   Fly:       It grants you flight.
 h - a +1 pair of gloves (worn)
Wands
 i - a wand of mindburst (26)
Scrolls
 d - 6 scrolls of identify
Potions
 c - a potion of ambrosia
 e - a potion of berserk rage {unknown}
 j - a potion of mutation {unknown}
 k - a potion of heal wounds {unknown}
 m - a potion of curing {unknown}


   Skills:
 * Level 5.8 Fighting
 * Level 5.4 Long Blades
 * Level 4.7 Armour
 - Level 3.0 Dodging
 - Level 2.4 Stealth


You had 6 spell levels left.
You didn't know any spells.
Your spell library contained the following spells:

 Spells                   Type           Power      Damage    Failure   Level
 Summon Guardian Golem    Hex/Summ       0%         N/A       82%         3
 Passage of Golubria      Tloc           0%         N/A       99%         4
 Fireball                 Conj/Fire      0%         3d3       100%        5
 Iskenderun's Battlesphe  Conj           0%         2d6       100%        5
 Silence                  Hex/Air        0%         N/A       100%        5
 Conjure Ball Lightning   Conj/Air       0%         3x3d6     100%        6
 Orb of Destruction       Conj           0%         9d5       100%        7
 Spellforged Servitor     Conj/Summ      0%         N/A       100%        7
 Lehudib's Crystal Spear  Conj/Erth      0%         10d2      100%        8


Dungeon Overview and Level Annotations

Branches:
Dungeon (5/15)              Sewer (visited)
 Temple: D:4-7

Altars:
Nemelex Xobeh

Shops:
D:1 [   D:2 (


Innate Abilities, Weirdness & Mutations

You cannot be hasted, slowed, berserked, paralysed or teleported.
You can dig through walls and to a lower floor.
You have a pair of large antennae on your head. (SInv)
Your four strong arms can wield two-handed weapons with a shield.


Message History

No target in view!
No target in view!
No target in view!
No target in view!
No target in view!
Items here: ))) †.
Found 4 stones.
An ogre comes into view. It is wielding a +0 giant club.
You barely miss the ogre.
The ogre hits you with a +0 giant club!!
You completely miss the ogre. You hit the ogre.
The ogre is lightly wounded.
The ogre hits you with a +0 giant club!
You slash the ogre!
The ogre is moderately wounded.
The ogre hits you with a +0 giant club!
* * * LOW HITPOINT WARNING * * *
You are too injured to fight recklessly!
You are too injured to fight recklessly!
You are too injured to fight recklessly!
You are too injured to fight recklessly!
You are too injured to fight recklessly!
You are too injured to fight recklessly!
You are too injured to fight recklessly!
You are too injured to fight recklessly!
You are too injured to fight recklessly!
You are too injured to fight recklessly!
You are too injured to fight recklessly!
You are too injured to fight recklessly!
You hit the ogre.
The ogre is moderately wounded.
You hit the ogre.
The ogre is moderately wounded.
The ogre hits you with a +0 giant club!
* * * LOW HITPOINT WARNING * * *
You hit the ogre.
The ogre is heavily wounded.
The ogre hits you with a +0 giant club!!
You die...

#.#.###.#.#.##.#
#.#.....#....#.#
##.#########..#..
#.(...# ...##.
#####.....#
####.##.
#.........# ..#.
#. #....#........
...##.
#.##.##.......
#..## #
#@########.#
#..## #.O...... #
#.... ###...###
##.#. ......
...#. .....
..####. ........
#. ...... #.
.#### #. #.


You could see an ogre.

Vanquished Creatures
  A phantom (D:3)
  2 bullfrogs (Sewer)
  A scorpion (D:4)
  An orc priest (D:4)
  A jelly (D:4)
  An iguana (D:4)
  Robin (D:4)
  15 adders
  An ufetubus (D:5)
  A worm (D:2)
  8 orcs
  20 endoplasms
  22 giant cockroaches
  21 goblins
  5 hobgoblins
  4 jackals (D:1)
  12 quokkas
  22 ball pythons
  3 bats
  10 frilled lizards
  2 kobolds
  7 rats
161 creatures vanquished.

Vanquished Creatures (collateral kills)
  A goblin (D:4)
  A ball python (D:4)
2 creatures vanquished.

Grand Total: 163 creatures vanquished

Notes
Turn   | Place    | Note
-------+----------+-------------------------------------------
     0 | D:1      | Bane the Formicid Monk began the quest for the Orb.
     0 | D:1      | Reached XP level 1. HP: 18/18 MP: 1/1
     5 | D:1      | Found Viuck's Antique Armour Boutique.
   295 | D:1      | Reached XP level 2. HP: 24/24 MP: 2/2
   514 | D:1      | Reached skill level 1 in Armour
   995 | D:1      | Reached XP level 3. HP: 29/29 MP: 3/3
  1997 | D:2      | Found a faded altar of an unknown god.
  2158 | D:2      | Found Suynty's Weapon Shoppe.
  2255 | D:3      | Noticed a phantom
  2271 | D:3      | Killed a phantom
  2272 | D:3      | Reached XP level 4. HP: 21/37 MP: 4/4
  2272 | D:3      | Reached XP level 5. HP: 24/42 MP: 5/5
  2552 | D:3      | Found a glowing drain.
  2557 | Sewer    | Entered a sewer
  2813 | Sewer    | Reached XP level 6. HP: 49/49 MP: 6/6
  3474 | Sewer    | Reached skill level 5 in Fighting
  3474 | Sewer    | Reached XP level 7. HP: 46/56 MP: 7/7
  3474 | Sewer    | Identified the +2 leather armour of Amelioration {Fly Str-3
                  | Dex-5 Slay+4}
  3662 | D:4      | Reached skill level 5 in Long Blades
  3949 | D:4      | Noticed Robin
  3998 | D:4      | Killed Robin
  4388 | D:4      | Found a sparkling altar of Nemelex Xobeh.
  4755 | D:5      | Entered Level 5 of the Dungeon
  4902 | D:5      | HP: 2/57 [ogre/+0 giant club (15)]
  4903 | D:5      | Demolished by an ogre

Illustrated notes

Levels and vault maps discovered:
D:1:      spicycebolla_arrival_clurvy, layout_loops_corners, serial_shops,
          nicolae_shop_crystal, serial_aquarium, aquarium_bridge_straight
          [aquarium_subvault_bridge, aquarium_subvault_window,
          aquarium_subvault_bridge, aquarium_subvault_wall],
          aquarium_window_corner, aquarium_window_fake, aquarium_window_2,
          aquarium_view_2f, amethyst_killhole, minmay_splitting_lines
D:2:      layout_loops_ring, hellmonk_ecumenical_altar_arch_garden,
          serial_shops, nicolae_shop_crystal, minmay_tetromino_l4
D:3:      minmay_roachtagon, layout_basic, zin_academy, portal_sewer_entry_e,
          corexii_item_surrounded_by_moat
D:4:      layout_cave_pools, nicolae_overflow_crystal_walls,
          minmay_snake_closets, uniq_robin
D:5:      layout_basic, mainiacjoe_overflow_alcove_2

Skill      XL: |  1  2  3  4  5  6  7 |
---------------+----------------------+-----
Armour         | 1 2 3 4 |  4.7
Fighting       | 4 5 |  5.8
Long Blades    | 4 5 |  5.4
Dodging        | 3 |  3.0
Stealth        | |  2.4

Action                   |  1- 3 |  4- 6 |  7- 9 || total
-------------------------+-------+-------+-------++-------
Melee: Falchion          |   131 |   217 |   133 ||   481
       Punch             |     2 |     4 |     2 ||     8
 Abil: Dig               |       |       |     1 ||     1
  Use: Scroll            |     4 |       |     4 ||     8
 Stab: Sleeping          |    11 |     3 |     5 ||    19
Armor: Robe              |    28 |    57 |       ||    85
       Leather armour    |       |       |    43 ||    43
Dodge: Dodged            |    91 |   156 |    57 ||   304

Table legend: (Time is in decaauts)
 A = Elapsed time spent in this place.
 B = Non-inter-level travel time spent in this place.
 C = Inter-level travel time spent in this place.
 D = Time resting spent in this place.
 E = Time spent auto-exploring this place.
 F = Levels seen in this place.
 G = Mean time per level.
                   A        B        C        D        E       F      G
               +--------+--------+--------+--------+--------+-----+--------+
         Total |   4993 |   4872 |    121 |    782 |   2675 |   6 |  832.2 |
       Dungeon |   3937 |   3816 |    121 |    270 |   2625 |   5 |  787.4 |
         Sewer |   1056 |   1056 |      0 |    512 |     50 |   1 | 1056.0 |
               +--------+--------+--------+--------+--------+-----+--------+

Top non-repeatable levels by time:
     D:1: 1451 daAuts
   Sewer: 1056 daAuts
     D:4: 975 daAuts
     D:2: 812 daAuts
     D:3: 550 daAuts
     D:5: 148 daAuts
